 Dungeon Crawl Stone Soup version 0.31-a0-986-g5e6e4ef867 (webtiles) character file.

Game seed: 4485471604578825257

907 LeprechaunX the Changeling (level 8, -3/54 HPs)
             Began as an Octopode Shapeshifter on Nov 23, 2023.
             Slain by Edmund
             ... wielding a +3 flail of protection
              (15 damage)
             ... on level 5 of the Dungeon.
             The game lasted 00:02:39 (2981 turns).

LeprechaunX the Changeling (Octopode Shapeshifter)  Turns: 2981, Time: 00:02:40

Health: -3/54      AC:  1    Str: 13    XL:     8   Next: 8%
Magic:  17/17      EV: 13    Int: 13    God:
Gold:   176        SH:  0    Dex: 13    Spells: 7/7 levels left

rFire   . .          .
                       - Unarmed
rCold   . . .        (no shield)
rNeg    . . .        (helmet currently unavailable)
rPois   .            (no amulet)
rElec   .            t - ring of willpower
rCorr   .            w - ring of magical power
SInv    .            (no ring)
Will    +....        (no ring)
Stlth   ++           (no ring)
HPRegen 0.29/turn    (no ring)
MPRegen 0.15/turn    (no ring)
                     (no ring)

%: no passive effects
@: beast-form
A: beast (slay +3), almost no armour, amphibious, 8 rings, camouflage 1,
gelatinous body 1, (nimble swimmer 1), tentacles
a: Begin Untransformation


You were on level 5 of the Dungeon.
You were a hulking beast.
You visited 1 branch of the dungeon, and saw 5 of its levels.

You collected 176 gold pieces.

Inventory:

Jewellery
 t - a ring of willpower (left tentacle)
 w - a ring of magical power (right tentacle)
Talismans
 b - a beast talisman
 c - a flux talisman
Wands
 m - a wand of quicksilver (8) (quivered)
 y - a wand of flame (21)
Scrolls
 e - a scroll of immolation {unknown}
 f - a scroll of poison {unknown}
 g - 7 scrolls of identify {unknown}
 h - a scroll of blinking {unknown}
 i - 2 scrolls of vulnerability {unknown}
 j - a scroll of fear {unknown}
 k - a scroll of enchant weapon {unknown}
 l - 2 scrolls of acquirement {unknown}
 p - 2 scrolls of revelation {unknown}
 q - a scroll of amnesia {unknown}
 r - 2 scrolls of noise {unknown}
 u - 2 scrolls of teleportation {unknown}
 x - 2 scrolls of fog {unknown}
Potions
 a - 2 potions of lignification
 d - a potion of mutation {unknown}
 n - 3 potions of heal wounds {unknown}
 o - a potion of might {unknown}
 s - a potion of haste {unknown}
 v - a potion of degeneration {unknown}
 z - a potion of brilliance {unknown}


   Skills:
 + Level 4.0 Fighting
 - Level 2.0 Dodging
 + Level 5.0 Unarmed Combat
 + Level 3.7 Evocations
 * Level 6.0 Shapeshifting


You had 7 spell levels left.
You didn't know any spells.
Your spell library was empty.

Dungeon Overview and Level Annotations

Branches:
Dungeon (5/15)
 Temple: D:4-7

Altars:
Gozag
Qazlal

Annotations:
D:5 Edmund


Innate Abilities, Weirdness & Mutations

You are a hulking beast.
Your limbs bulge with bestial killing power. (Slay +3)
You cannot wear most types of armour.
You are amphibious.
You can wear up to eight rings at the same time.
Your skin changes colour to match your surroundings (Stealth+).
Your rubbery body absorbs attacks. (AC +1, EV +1)
((You are camouflaged when in or above water. (Stealth+)))
You have tentacles for arms and can constrict up to eight enemies at once.


Message History

You tentacle-slap Edmund.
You tentacle-slap Edmund, but do no damage.
Edmund is moderately wounded.
You constrict Edmund.
Edmund hits you with a +3 flail of protection!
You tentacle-slap Edmund but do no damage.
Edmund is moderately wounded.
You constrict Edmund, but do no damage. Edmund closely misses you.
You tentacle-slap Edmund.
Edmund is moderately wounded.
You constrict Edmund.
Edmund hits you with a +3 flail of protection.
You tentacle-slap Edmund but do no damage.
You tentacle-slap Edmund, but do no damage.
You squeeze Edmund, but do no damage.
Edmund is heavily wounded.
You constrict Edmund. Edmund barely misses you.
You bludgeon Edmund!
Edmund is severely wounded.
You constrict Edmund.
Edmund hits you with a +3 flail of protection!
You tentacle-slap Edmund. You squeeze Edmund.
Edmund is severely wounded.
You constrict Edmund, but do no damage.
Edmund hits you with a +3 flail of protection!
You tentacle-slap Edmund. x2; Your squeeze misses Edmund.
Edmund is severely wounded.
You constrict Edmund.
You tentacle-slap Edmund but do no damage.
You squeeze Edmund.
Edmund is almost dead.
You constrict Edmund, but do no damage.
Edmund hits you with a +3 flail of protection!
* * * LOW HITPOINT WARNING * * *
You tentacle-slap Edmund.
Edmund is almost dead.
You constrict Edmund.
Edmund hits you with a +3 flail of protection!
You die...
Edmund says, "I'd like to see a scythe do that!"

.## #.#. ..#. ... ....
..#.# ##.##... #..
#...###..#..#
#..##...##......#
...............###
#...............#
#...........h@..# .##
#........†.......#
...##.##...)...#.?....#
..................#...##
..........#....[.##..##
....#.....#.......# ##
...#.....#..#..### #
#....#.##..#.###
..##.#...........#


You could see Edmund.

Vanquished Creatures
  Pikel (D:4)
  2 lemures (D:4)
  4 scorpions
  3 hounds (D:4)
  An iguana (D:4)
  4 adders
  2 worms
  2 dart slugs (D:1)
  2 orcs
  5 ball pythons
  3 endoplasms
  A giant cockroach (D:1)
  5 goblins
  4 hobgoblins
  A jackal (D:3)
  4 kobolds
  3 quokkas
  3 bats
  4 frilled lizards
  5 rats
59 creatures vanquished.

Notes
Turn   | Place    | Note
-------+----------+-------------------------------------------
     0 | D:1      | LeprechaunX the Octopode Shapeshifter began the quest for
                  | the Orb.
     0 | D:1      | Reached XP level 1. HP: 13/13 MP: 1/1
   113 | D:1      | Reached XP level 2. HP: 5/18 MP: 2/2
   675 | D:1      | Reached XP level 3. HP: 18/23 MP: 3/3
  1518 | D:3      | Reached XP level 4. HP: 29/29 MP: 4/4
  1631 | D:3      | Found a stormy altar of Qazlal.
  1943 | D:4      | Found an opulent altar of Gozag.
  1943 | D:4      | Noticed a scorpion
  1958 | D:4      | Reached skill level 1 in Evocations
  1958 | D:4      | Reached skill level 4 in Shapeshifting
  2002 | D:4      | Noticed Pikel
  2003 | D:4      | Noticed a lemure
  2003 | D:4      | Noticed a lemure
  2004 | D:4      | Noticed a lemure
  2004 | D:4      | Noticed a lemure
  2007 | D:4      | Killed a lemure
  2007 | D:4      | Killed a lemure
  2010 | D:4      | Killed Pikel
  2011 | D:4      | Reached skill level 5 in Shapeshifting
  2011 | D:4      | Reached XP level 5. HP: 21/36 MP: 5/5
  2011 | D:4      | Reached XP level 6. HP: 24/42 MP: 6/6
  2011 | D:4      | Reached XP level 7. HP: 27/46 MP: 7/7
  2692 | D:4      | Reached XP level 8. HP: 38/54 MP: 8/8
  2933 | D:5      | Entered Level 5 of the Dungeon
  2962 | D:5      | Noticed Edmund
  2968 | D:5      | Reached skill level 5 in Unarmed Combat
  2968 | D:5      | Reached skill level 6 in Shapeshifting
  2981 | D:5      | Slain by Edmund

Illustrated notes

Levels and vault maps discovered:
D:1:      saegor_arrival_simple_a, layout_loops_ring, kennysheep_doodads,
          hex_large
D:2:      layout_basic
D:3:      minmay_wonky_spiral, layout_rooms, nicolae_qazlal_scattered_showers
D:4:      layout_loops_ring, nicolae_overflow_crystal_walls, uniq_pikel
D:5:      layout_cave_pools, mainiacjoe_overflow_concentric_impassable,
          minmay_temple_entry_statues_fountains, nrook_mini_vaults,
          dreamdust_mushroom_princess, uniq_edmund

Skill      XL: |  1  2  3  4  5  6  7  8 |
---------------+-------------------------+-----
Fighting       | 2 3 4 |  4.0
Evocations     | 3 |  3.7
Shapeshifting  | 5 6 |  6.0
Unarmed Combat | 4 5 |  5.0
Dodging        | |  2.0

Action                     |  1- 3 |  4- 6 |  7- 9 || total
---------------------------+-------+-------+-------++-------
  Melee: Unarmed           |    57 |    29 |    43 ||   129
         Constrict         |    18 |     6 |    11 ||    35
         Tentacles         |    13 |     5 |    14 ||    32
         Punch             |     1 |     1 |     5 ||     7
  Evoke: Wand              |       |     2 |       ||     2
   Stab: Sleeping          |     8 |     4 |     2 ||    14
 Armour: Skin              |    14 |     8 |    20 ||    42
  Dodge: Dodged            |    22 |    16 |    16 ||    54

Table legend: (Time is in decaauts)
 A = Elapsed time spent in this place.
 B = Non-inter-level travel time spent in this place.
 C = Inter-level travel time spent in this place.
 D = Time resting spent in this place.
 E = Time spent auto-exploring this place.
 F = Levels seen in this place.
 G = Mean time per level.
                   A        B        C        D        E       F      G
               +--------+--------+--------+--------+--------+-----+--------+
         Total |   2970 |   2881 |     89 |     71 |   2386 |   5 |  594.0 |
       Dungeon |   2970 |   2881 |     89 |     71 |   2386 |   5 |  594.0 |
               +--------+--------+--------+--------+--------+-----+--------+

Top non-repeatable levels by time:
     D:4: 988 daAuts
     D:1: 732 daAuts
     D:2: 726 daAuts
     D:3: 476 daAuts
     D:5: 46 daAuts
